 Dungeon Crawl Stone Soup version 0.22-a0-833-g8522bf8 (webtiles) character file.

1117 Amnesiac the Digger (level 8, -1/52 HPs)
             Began as a Mummy Earth Elementalist on July 25, 2018.
             Shot with an arrow by a centaur (9 damage)
             ... on level 6 of the Dungeon.
             The game lasted 00:09:00 (4061 turns).

Amnesiac the Digger (Mummy Earth Elementalist)      Turns: 4061, Time: 00:09:01

Health: -1/52      AC:  6    Str: 11    XL:     8   Next: 12%
Magic:  14/18      EV: 12    Int: 16    God:
Gold:   129        SH:  0    Dex: 13    Spells: 6/21 levels left

rFire    x . .     SeeInvis +   a - +0 dagger (elec)
rCold    + . .     Gourm    .   (no shield)
rNeg     + + +     Faith    .   c - +0 robe
rPois    ∞         Spirit   .   (no helmet)
rElec    .         Reflect  .   o - +2 cloak of the Thief {+Fog Slay-2 SInv Stlth+}
rCorr    .         Harm     .   p - +0 pair of gloves
MR       +....                  (no boots)
Stlth    +++.......             (no amulet)
HPRegen  0.17/turn              (no ring)
MPRegen  0.16/turn              (no ring)

@: no status effects
A: no food or potions, fire vulnerability, cold resistance 1, negative energy
resistance 3, torment resistance, unbreathing
a: Evoke Fog


You were on level 6 of the Dungeon.
You were not hungry.

You visited 1 branch of the dungeon, and saw 6 of its levels.

You collected 366 gold pieces.
You spent 237 gold pieces at shops.

Inventory:

Hand Weapons
 a - a +0 dagger of electrocution (weapon)
 b - a +3 trident
 d - a +1 dagger of pain
 j - a +0 blowgun
Missiles
 i - 92 stones (quivered)
 k - 13 poisoned needles
Armour
 c - a +0 robe (worn)
 f - a +0 buckler of positive energy
 o - the +2 cloak of the Thief (worn) {+Fog Slay-2 SInv Stlth+}
   (You found it on level 5 of the Dungeon)

   It affects your accuracy and damage with ranged weapons and melee attacks
   (-2).
   It lets you see invisible.
   It makes you more stealthy.
 p - a +0 pair of gloves (worn)
Wands
 e - a wand of random effects (23)
Scrolls
 g - a scroll of teleportation {!r}
 h - a scroll of magic mapping {!r}
 l - a scroll of amnesia {!r}
 m - 2 scrolls of remove curse {!r}
 n - a scroll of enchant armour {!r}
 q - a scroll of holy word {!r, unknown}


   Skills:
 - Level 1.5 Dodging
 - Level 1.5 Stealth
 + Level 7.0 Spellcasting
 - Level 0.7 Transmutations
 * Level 7.1 Earth Magic


You had 6 spell levels left.
You knew the following spells:

 Your Spells              Type           Power        Failure   Level  Hunger
a - Sandblast             Erth           ####..       1%          1    N/A
b - Passwall              Tmut/Erth      ###.....     3%          2    N/A
c - Stone Arrow           Conj/Erth      ###...       9%          3    N/A
d - Lee's Rapid Deconstr  Erth           ####......   19%         5    N/A
e - Petrify               Tmut/Erth      ###.....     24%         4    N/A

Your spell library contained the following spells:

 Spells                   Type           Power        Failure   Level  Hunger


Dungeon Overview and Level Annotations

Branches:
Dungeon (6/15)
 Temple: D:4-7

Altars:
Gozag
Kikubaaqudgha
Xom
Yredelemnul

Shops:
D:4 *


Innate Abilities, Weirdness & Mutations

You do not eat or drink.
Your flesh is vulnerable to fire.
You are immune to poison.
Your flesh is cold resistant. (rC+)
You are immune to negative energy. (rN+++)
You are immune to unholy pain and torment.
You can survive without breathing.


Message History

The human completely misses you.
You barely miss the human.
The human is heavily wounded.
The human misses you.
Casting: Sandblast (safe; 1% risk of failure)
Confirm with . or Enter, or press ? or * to list all spells.
Aiming: Petrify (quite dangerous; 26% risk of failure)
Press: ? - help, Shift-Dir - straight line, f - human
Aim: a human (heavily wounded, chance to defeat MR: 48%)
The human resists with some effort.
The human hits you.
You barely miss the human.
The human is heavily wounded.
The human completely misses you.
You hit the human.
The human is heavily wounded.
The human barely misses you.
You closely miss the human.
The human is heavily wounded.
The human hits you.
You hit the human but do no damage. Lightning courses through the human!
The human is almost dead.
The human closely misses you.
You hit the human but do no damage.
The human is almost dead.
The human hits you.
You miss the human.
The human is severely wounded.
The human misses you.
You closely miss the human.
The human is severely wounded.
The human hits you.
You hit the human but do no damage.
The human is severely wounded.
The human misses you.
You closely miss the human.
The human is severely wounded.
The human barely misses you.
You hit the human but do no damage.
The human is severely wounded.
The human hits you but does no damage.
You barely miss the human.
The human is severely wounded.
The human hits you!
* * * LOW HITPOINT WARNING * * *
You hit the human but do no damage. Lightning courses through the human!
You kill the human!
Yredelemnul welcomes your deed!
You hear a strange fizzling.
Your Spellcasting skill increases to level 7!
Your Earth Magic skill increases to level 7!
You have reached level 8!
A centaur comes into view.
The centaur shouts!
The centaur wields a shortbow.
The centaur shoots an arrow.
The arrow hits you.
* * * LOW HITPOINT WARNING * * *
You see here an arrow.
Okay, then.
You fail to use your ability.
You fail to use your ability.
The centaur shoots an arrow.
The arrow hits you.
* * * LOW HITPOINT WARNING * * *
With a swish of your cloak, you release a cloud of fog.
The centaur shoots an arrow.
The arrow closely misses you.
The centaur shoots an arrow.
The arrow hits you!
You die...

.#...#........... ......
...#............# ......
. ##.###.......###.....[
####.###..........#.....
#...........###.........
..#.........#.#.........
>...........#'#§§..c..c.
######........§§§§# #
##..8)#§§§#@8# #
#..###...###<....# #
#...##._.# .....# #
##..##...# ....#
#..###### ....# #..#
...# #### ####


You could see a centaur.

Vanquished Creatures
  A human (D:6)
  A phantom (D:5)
  3 ogres
  2 scorpions (D:5)
  A crimson imp (D:4)
  A centaur zombie (D:6)
  2 orc priests
  A jelly (D:6)
  A bullfrog skeleton (D:4)
  2 iguanas (D:4)
  4 orc wizards
  2 worker ants
  A hound skeleton (D:4)
  Robin (D:3)
  A howler monkey skeleton (D:4)
  4 adders
  2 oozes
  A dart slug (D:1)
  3 leopard geckos
  6 orcs
  2 bats
  10 giant cockroaches
  11 goblins
  4 hobgoblins
  3 jackals (D:2)
  2 quokkas
  A ball python (D:1)
  5 frilled lizards
  A jackal zombie (D:6)
  4 kobolds
  A quokka skeleton (D:4)
  4 rats
88 creatures vanquished.

Notes
Turn   | Place    | Note
-------+----------+-------------------------------------------
     0 | D:1      | Amnesiac the Mummy Earth Elementalist began the quest for the Orb.
     0 | D:1      | Reached XP level 1. HP: 13/13 MP: 4/4
   196 | D:1      | Reached XP level 2. HP: 15/19 MP: 2/5
   536 | D:1      | Learned a level 2 spell: Passwall
   678 | D:2      | Reached XP level 3. HP: 7/24 MP: 0/7
   683 | D:2      | Learned a level 3 spell: Stone Arrow
  1051 | D:3      | Noticed Robin
  1085 | D:4      | Noticed an ogre
  1170 | D:3      | Killed Robin
  1184 | D:3      | Reached XP level 4. HP: 29/30 MP: 2/9
  1274 | D:4      | You fall through a shaft!
  1274 | D:5      | Entered Level 5 of the Dungeon
  1407 | D:5      | Learned a level 4 spell: Petrify
  1468 | D:5      | Found an ancient bone altar of Kikubaaqudgha.
  1475 | D:5      | Noticed an ogre
  1476 | D:5      | Found a shimmering altar of Xom.
  1508 | D:5      | Noticed an ogre
  1518 | D:5      | Killed an ogre
  1518 | D:5      | Reached XP level 5. HP: 25/35 MP: 6/11
  2183 | D:4      | Killed an ogre
  2183 | D:4      | Reached skill level 5 in Spellcasting
  2183 | D:4      | Reached skill level 5 in Earth Magic
  2183 | D:4      | Reached XP level 6. HP: 15/41 MP: 7/13
  2190 | D:4      | Learned a level 5 spell: Lee's Rapid Deconstruction
  2568 | D:4      | Found Litaonuth's Assorted Antiques.
  2712 | D:4      | Bought a scroll labeled CYS NUOSHREO for 25 gold pieces
  2712 | D:4      | Bought a scroll labeled YLYRGH ARAGGEXYBOX for 25 gold pieces
  2955 | D:4      | Reached XP level 7. HP: 39/46 MP: 7/15
  3011 | D:4      | Found an opulent altar of Gozag.
  3106 | D:4      | Bought a shiny buckler for 187 gold pieces
  3336 | D:5      | Found the +2 cloak of the Thief {+Fog Slay-2 SInv Stlth+}
  4014 | D:6      | Found a runed door.
  4014 | D:6      | Noticed a human
  4027 | D:6      | Found a basalt altar of Yredelemnul.
  4053 | D:6      | Killed a human
  4053 | D:6      | Reached XP level 8. HP: 18/52 MP: 14/18
  4061 | D:6      | Shot with an arrow by a centaur

Vault maps used:
D:1:      tarquinn_simple_flora_water_b, minmay_cupped
D:2:      gammafunk_temple_overflow_forgotten, kennysheep_generic_room_6,
          uniq_natasha
D:3:      first_ration, uniq_robin
D:4:      nicolae_gozag_seed_capital, serial_shops, nicolae_shop_waterfront,
          kennysheep_generic_room_3
D:5:      wad_crossroads, overflow_temple_1_default, xom_teletrap_fun
D:6:      minmay_fountain_box, dk_yredelemnul_ordeal

Skill      XL: |  1  2  3  4  5  6  7 |
---------------+----------------------+-----
Earth Magic    | 3 4 5 7 |  7.1
Spellcasting   | 3 4 5 7 |  7.0
Dodging        | |  1.5
Stealth        | |  1.5
Transmutations | |  0.7

Action                   |  1- 3 |  4- 6 |  7- 9 || total
-------------------------+-------+-------+-------++-------
Melee: Unarmed           |     5 |       |       ||     5
       Dagger            |    96 |   106 |    68 ||   270
 Cast: Sandblast         |    32 |    45 |    39 ||   116
       Petrify           |       |     4 |     1 ||     5
 Abil: Evoke Fog         |       |       |     1 ||     1
  Use: Scroll            |     2 |     7 |       ||     9
 Stab: Sleeping          |     1 |       |     2 ||     3
       Petrified         |       |    13 |       ||    13
Armor: Robe              |    33 |    18 |    15 ||    66
Dodge: Dodged            |    94 |    83 |    42 ||   219

Table legend:
 A = Spawn XP
 B = Non-spawn XP
 C = Spawn XP percentage of total XP
 D = Spawn monster count
 E = Non-spawn monster count
 F = Spawn count percentage of total count
 G = Total turns spent on level
                    A         B        C        D         E        F      G
               +---------+---------+-------+---------+---------+-------+---------
         Total |       0 |    1597 |   0.0 |       0 |      85 |   0.0 |  4061
               +---------+---------+-------+---------+---------+-------+---------
           D:1 |       0 |      27 |   0.0 |       0 |      15 |   0.0 |   564
           D:2 |       0 |      34 |   0.0 |       0 |      11 |   0.0 |   456
           D:3 |       0 |      51 |   0.0 |       0 |      18 |   0.0 |   513
           D:4 |       0 |     517 |   0.0 |       0 |      22 |   0.0 |  1346
           D:5 |       0 |     666 |   0.0 |       0 |      13 |   0.0 |   951
           D:6 |       0 |     302 |   0.0 |       0 |       6 |   0.0 |   231
               +---------+---------+-------+---------+---------+-------+---------
